 Dungeon Crawl Stone Soup version 0.28-a0-206-gc2c9e32840 (webtiles) character file.

Game seed: 8728745739546825109

447 Lochraine the Sneak (level 6, -2/28 HPs)
             Began as a Spriggan Enchanter on Aug 20, 2021.
             Was a Believer of Sif Muna.
             Blown up by a kobold (26 damage)
             ... with a mindburst bolt
             ... on level 4 of the Dungeon.
             The game lasted 00:14:36 (5958 turns).

Lochraine the Sneak (Spriggan Enchanter)            Turns: 5958, Time: 00:14:37

Health: -2/28      AC:  3    Str:  4    XL:     6   Next: 73%
Magic:  13/13      EV: 17    Int: 18    God:    Sif Muna [**....]
Gold:   197        SH:  0    Dex: 16    Spells: 9/14 levels left

rFire   . . .      SeeInvis +   a - +1 dagger
rCold   . . .      Faith    .   (shield restricted)
rNeg    . . .      Spirit   .   b - +1 robe
rPois   .          Reflect  .   (helmet restricted)
rElec   .          Harm     .   (no cloak)
rCorr   .          Rampage  .   (gloves unavailable)
Will    +....                   (boots unavailable)
Stlth   +++.......              (no amulet)
HPRegen 0.09/turn               (no ring)
MPRegen 0.13/turn               (no ring)

@: very quick
A: very small, no large weapons, unfitting armour, see invisible, speed 3
a: Renounce Religion, Channel Magic


You were on level 4 of the Dungeon.
You worshipped Sif Muna.
Sif Muna was pleased with you.
You visited 1 branch of the dungeon, and saw 4 of its levels.

You collected 197 gold pieces.

Inventory:

Hand Weapons
 a - a +1 dagger (weapon)
 m - a +0 falchion
   (You found it on level 2 of the Dungeon)
Armour
 b - a +1 robe (worn)
Wands
 d - a wand of iceblast (7)
   (You took it off a kobold on level 4 of the Dungeon)
Scrolls
 f - a scroll of noise {unknown}
 g - 4 scrolls of teleportation {@r4}
 j - a scroll of enchant weapon {unknown}
 n - a scroll of holy word {unknown}
 o - a scroll of identify {@r1}
 p - a scroll of fear {unknown}
 q - a scroll of magic mapping {unknown}
Potions
 c - a potion of invisibility
 e - 3 potions of curing {@q1}
 h - a potion of haste {unknown}
 i - a potion of degeneration {!q}
 k - 3 potions of attraction {unknown}
 l - a potion of brilliance


   Skills:
 + Level 3.5 Short Blades
 - Level 2.6 Dodging
 + Level 6.7 Stealth
 + Level 4.5 Spellcasting
 + Level 5.2 Hexes
 + Level 1.0 Ice Magic
 + Level 2.3 Invocations


You had 9 spell levels left.
You knew the following spells:

 Your Spells              Type           Power      Damage    Failure   Level
a - Ensorcelled Hibernat  Hex/Ice        30%        N/A       6%          2
b - Confusing Touch       Hex            22%        N/A       4%          3

Your spell library contained the following spells:

 Spells                   Type           Power      Damage    Failure   Level
 Tukima's Dance           Hex            22%        N/A       4%          3
 Dazzling Flash           Conj/Hex       26%        N/A       14%         3


Dungeon Overview and Level Annotations

Branches:
Dungeon (4/15)
 Temple: D:4-7

Altars:
Cheibriados
Kikubaaqudgha
Nemelex Xobeh
Qazlal
Sif Muna
Trog

Annotations:
D:3 4 transporters, p0werm0de's ghost, amateur GrFi
D:4 Natasha


Innate Abilities, Weirdness & Mutations

You are very small and have problems with some larger weapons.
You are too small for most types of armour.
You have supernaturally acute eyesight. (SInv)
You cover ground extremely quickly. (Speed+++)


Message History

Sif Muna accepts your kill.
A kobold is nearby!
A kobold is nearby!
The kobold barely misses you.
You barely miss the kobold. The kobold misses you.
Aim: a kobold, wielding a +0 club and quivering stones (chance to affect: 63%)
The kobold looks drowsy...
The helpless kobold fails to defend itself.
You perforate the kobold like a sieve!!!
You kill the kobold!
Sif Muna accepts your kill.
Key pressed, stopping explore.
Things that are here:
a +0 club; 3 stones
Things that are here:
5 stones; a +0 whip
Things that are here:
a +0 whip; a +0 whip; a kobold skeleton
Things that are here:
5 stones; a +0 whip
Things that are here:
a +0 club; 3 stones
d - a wand of iceblast (7);
q - a scroll labelled YPNUUDOTUO
Things that are here:
a +0 dagger; 5 stones A kobold comes into view.
It is wielding a +0 short sword.
There are monsters nearby!
A kobold comes into view. It is wielding a +3 dagger of venom.
The kobold shouts! x2; You hear a shout! x2
There are monsters nearby!
There are monsters nearby!
The kobold throws a stone.
The stone closely misses you.
A kobold comes into view.
It is wielding a +0 short sword and carrying a wand of mindburst (4).
You hit the kobold. The kobold hits you with a +0 dagger.
You hit the kobold but do no damage.
A kobold comes into view. It is wielding a +0 dagger.
The kobold misses you.
A kobold comes into view. It is wielding a +0 short sword.
The kobold hits you but does no damage.
The kobold shouts! x2
You hit the kobold. The kobold completely misses you.
You closely miss the kobold. The kobold misses you.
The kobold hits you with a +0 short sword.
You hit the kobold.
You kill the kobold!
Sif Muna accepts your kill.
The kobold zaps a wand.
Your mind is blasted!
Ouch! That really hurt!
You die... . # . . . .... ## .#. .#. .÷.. ♣P# ..###... ..... ♣.P♣# #.##.... ....$.
P.P

#####.##.### §☼....♣###
♣P##..#........ §☼....K..#
#P......##.# .....K...♣#
#.♣..)#.#..###
.÷.KK...)@♣####...........
.÷[....♣K(..###..###))...#
....♣.♣#.P.♣..#..# #(###.)
...... ##.....#..###)# ###
.....♣ ##......##...#
..... ###♣.)....### ...
##P...## ##..## ##.#


You could see 5 kobolds.

Vanquished Creatures
  A kobold brigand (D:4)
  A howler monkey (D:4)
  A jelly (D:3)
  An orc wizard (D:3)
  Natasha (D:4)
  An iguana (D:3)
  A mummy (D:3)
  4 gnolls (D:3)
  6 adders
  A white imp (D:4)
  An adder skeleton (D:4)
  3 worms
  2 dart slugs
  8 orcs (D:3)
  2 endoplasms
  5 giant cockroaches
  6 goblins
  3 hobgoblins
  13 jackals
  16 kobolds
  5 ball pythons
  4 bats
  A frilled lizard (D:1)
  6 rats
93 creatures vanquished.

Vanquished Creatures (collateral kills)
  An adder (D:4)
  A dart slug (D:4)
  An endoplasm (D:4)
  A quokka (D:4)
4 creatures vanquished.

Vanquished Creatures (others)
  54 plants (D:4)
54 creatures vanquished.

Grand Total: 151 creatures vanquished

Notes
Turn   | Place    | Note
-------+----------+-------------------------------------------
     0 | D:1      | Lochraine the Spriggan Enchanter began the quest for the
                  | Orb.
     0 | D:1      | Reached XP level 1. HP: 9/9 MP: 5/5
   136 | D:1      | Reached XP level 2. HP: 8/13 MP: 7/7
   139 | D:1      | Learned a level 2 spell: Ensorcelled Hibernation
   852 | D:2      | Reached skill level 5 in Stealth
   855 | D:2      | Found a faded altar of an unknown god.
   863 | D:2      | Reached XP level 3. HP: 16/16 MP: 8/8
  1041 | D:2      | Found a shimmering blue altar of Sif Muna.
  1049 | D:2      | Became a worshipper of Sif Muna the Loreminder
  1059 | D:2      | You fall into a shaft and drop 2 floors!
  1094 | D:4      | Reached XP level 4. HP: 21/21 MP: 4/10
  1368 | D:4      | Found an ancient bone altar of Kikubaaqudgha.
  1372 | D:4      | Noticed Natasha
  1388 | D:4      | Killed Natasha
  1389 | D:4      | Reached skill level 1 in Invocations
  1432 | D:4      | Noticed Natasha
  1944 | D:3      | Found a bloodstained altar of Trog.
  1976 | D:3      | Found a sparkling altar of Nemelex Xobeh.
  2348 | D:2      | Learned a level 3 spell: Confusing Touch
  2481 | D:2      | Reached XP level 5. HP: 22/24 MP: 11/11
  3336 | D:3      | Noticed an ogre
  3338 | D:3      | Found a stormy altar of Qazlal.
  3340 | D:3      | Found a transporter.
  3340 | D:3      | Noticed an ice beast
  3610 | D:3      | Reached skill level 6 in Stealth
  3773 | D:3      | Reached * piety under Sif Muna
  4165 | D:3      | Found a transporter.
  4166 | D:3      | Noticed p0werm0de's ghost (amateur GrFi)
  4167 | D:3      | Found a transporter.
  4171 | D:3      | Noticed an ogre
  4259 | D:3      | Identified the +5 great mace "Unneosch Geil" {speed, +Rage}
  4259 | D:3      | Noticed an ogre
  4366 | D:3      | Found a transporter.
  4421 | D:3      | Found a snail-covered altar of Cheibriados.
  4619 | D:3      | Reached XP level 6. HP: 25/28 MP: 8/13
  4845 | D:3      | Reached skill level 5 in Hexes
  5099 | D:4      | Reached ** piety under Sif Muna
  5820 | D:4      | Reached skill level 1 in Ice Magic
  5958 | D:4      | Blown up by a kobold

Illustrated notes

Levels and vault maps discovered:
D:1:      roderic_octagonal_star, layout_basic
D:2:      layout_basic, basic_altar, basic_ecumenical_altar, hex_tiny
D:3:      layout_loops_ring, gammafunk_temple_overflow_arena,
          nicolae_overflow_hidden_temple, chei_slow_surprise,
          gammafunk_ghost_smash, minmay_quantized
D:4:      kennysheep_kobold_camp, layout_rooms, amcnicky_altar_gilded,
          minmay_misc_feat_rows, uniq_natasha

Skill      XL: |  1  2  3  4  5  6 |
---------------+-------------------+-----
Spellcasting   | 3 4 |  4.5
Stealth        | 5 6 |  6.7
Hexes          | 4 5 |  5.2
Short Blades   | 2 3 |  3.5
Invocations    | 1 2 |  2.3
Ice Magic      | 1 |  1.0
Dodging        | |  2.6

Action                   |  1- 3 |  4- 6 || total
-------------------------+-------+-------++-------
Melee: Dagger            |    51 |   326 ||   377
 Cast: Ensorcelled Hiber |     7 |    77 ||    84
       Confusing Touch   |       |     1 ||     1
  Use: Scroll            |       |     6 ||     6
 Stab: Sleeping          |    12 |    43 ||    55
       Distracted        |       |     1 ||     1
       Confused          |       |     1 ||     1
Armor: Robe              |     5 |    47 ||    52
Dodge: Dodged            |    26 |   244 ||   270

Table legend: (Time is in decaauts)
 A = Elapsed time spent in this place.
 B = Non-inter-level travel time spent in this place.
 C = Inter-level travel time spent in this place.
 D = Time resting spent in this place.
 E = Time spent auto-exploring this place.
 F = Levels seen in this place.
 G = Mean time per level.
                   A        B        C        D        E       F      G
               +--------+--------+--------+--------+--------+-----+--------+
         Total |   4861 |   4814 |     47 |   1386 |   2525 |   4 | 1215.2 |
       Dungeon |   4861 |   4814 |     47 |   1386 |   2525 |   4 | 1215.2 |
               +--------+--------+--------+--------+--------+-----+--------+

Top non-repeatable levels by time:
     D:3: 1982 daAuts
     D:2: 1224 daAuts
     D:4: 1070 daAuts
     D:1: 584 daAuts
